Map: Zen LE

Players

HeroMarine

  • Race: Terran Terran
  • Spawn Location: 1:00

Neeblet (Neeb) - Winner!

  • Race: Protoss Protoss
  • Spawn Location: 7:00

Event: StayAtHomestory Cup #1

VOD

Have the link to the VOD?

Description

Time

  • Played on: April 11, 2020, 9:29 a.m.
  • Length: 8:16

All games in this series

Show
View Real Time Build Order
Export as new Build Order

HeroMarine Terran 

Build Orders: Gas First Reaper Expand, Banshee Rush 

Get SALT Encoding   

  12  0:00  SCV  
  13  0:13  SCV  
  14  0:17  Supply Depot  
  14  0:25  SCV  
  15  0:30  Refinery  
  15  0:39  SCV  
  16  0:44  Barracks  
  16  0:51  SCV  
  17  1:03  SCV  
  18  1:15  SCV  
  19  1:31  Reaper, Orbital Command  
  20  1:48  Command Center  
  20  1:57  Factory  
  20  1:59  SCV  
  21  2:07  Barracks Reactor  
  21  2:09  Supply Depot  
  21  2:12  SCV  
  22  2:17  Refinery  
  22  2:24  SCV  
  23  2:36  SCV  
  24  2:43  Starport  
  24  2:44  Marine x2  
  24  2:48  SCV  
  24  2:50  Factory Tech Lab  
  27  3:02  Marine x2, Orbital Command  
  29  3:06  SCV  
  30  3:17  Orbital Command  
  30  3:18  SCV  
  31  3:22  Marine x2  
  33  3:29  Cloaking Field, Banshee  
  33  3:30  SCV  
  33  3:31  Factory Tech Lab  
  37  3:41  Supply Depot  
  37  3:42  SCV  
  37  3:43  SCV  
  37  3:45  Marine  
  37  3:46  Marine  
  41  3:53  Cyclone  
  44  3:55  SCV  
  44  3:56  SCV  
  45  4:03  Marine x2  
  45  4:08  SCV x2  
  49  4:12  Supply Depot, Banshee  
  52  4:20  SCV x2  
  52  4:21  Supply Depot  
  54  4:33  Marine x2, SCV x2  
  61  4:40  Supply Depot  
  61  4:45  SCV x2  
  61  4:48  Barracks  
  61  4:49  Siege Tank  
  61  4:50  Barracks  
  61  4:51  Marine x2  
  65  4:57  SCV x2  
  66  5:10  SCV x2, Raven  
  66  5:11  Engineering Bay  
  66  5:12  Marine x2, Refinery x2  
  66  5:14  Supply Depot  
  66  5:22  SCV x2  
  68  5:30  Marine x2  
  68  5:33  Supply Depot  
  72  5:38  Terran Infantry Weapons Level 1  
  70  5:44  Factory Reactor  
  70  5:45  Marine, Stimpack  
  70  5:47  Barracks  
  70  5:48  Marine x2  
  73  5:50  Barracks  
  73  5:51  Missile Turret  
  73  5:59  Starport Reactor  
  73  6:00  SCV x2, Supply Depot  
  73  6:04  Marine, Marauder  
  75  6:05  Marine  
  77  6:12  SCV x2  
  77  6:16  Combat Shield  
  76  6:18  Marine  
  76  6:22  Supply Depot, Marauder  
  76  6:23  Marine  
  76  6:25  Marauder  
  82  6:32  Widow Mine x2  
  82  6:35  Medivac x2  
  82  6:37  Marine  
  82  6:39  SCV  
  88  6:41  Marine  
  88  6:42  SCV  
  88  6:44  Marauder  
  88  6:46  Marauder  
  88  6:53  Marine, Widow Mine x2  
  93  6:55  Marine x2  
  95  7:03  Missile Turret  
  95  7:05  Medivac x2, Marauder  
  95  7:06  Marine  
  95  7:08  Marauder  
  104  7:11  Marine  
  104  7:13  Marine  
  106  7:18  Supply Depot  
  106  7:25  Widow Mine x2  
  106  7:26  Marine  
  106  7:27  Marauder  
  106  7:29  Concussive Shells, Marine x2, Marauder  
  116  7:32  Marine  
  116  7:44  Marine  
  117  7:47  Marine  
  111  7:52  Marine x2  
  111  7:54  SCV x2, Widow Mine x2  
  111  7:57  Marine x2  
Show
View Real Time Build Order
Export as new Build Order

Neeblet Protoss - Winner!

Build Orders: 1 Gate Expand, Oracle Opening, Phoenix Opening 

Get SALT Encoding   

  12  0:00  Probe  
  13  0:12  Probe  
  14  0:17  Pylon  
  14  0:24  Probe (Chrono Boost)  
  16  0:35  Gateway  
  16  0:37  Probe (Chrono Boost)  
  16  0:42  Probe (Chrono Boost)  
  16  0:45  Assimilator  
  17  0:52  Probe  
  19  1:04  Probe  
  19  1:16  Probe  
  20  1:23  Nexus  
  20  1:31  Cybernetics Core  
  20  1:35  Probe  
  21  1:40  Assimilator  
  21  1:47  Probe  
  21  1:51  Pylon  
  22  1:59  Probe (Chrono Boost)  
  23  2:06  Stalker (Chrono Boost)  
  23  2:10  Probe (Chrono Boost), Shield Battery  
  26  2:16  Probe (Chrono Boost)  
  27  2:27  Stargate  
  27  2:28  Probe  
  28  2:33  Adept  
  30  2:39  Probe (Chrono Boost)  
  31  2:45  Probe (Chrono Boost)  
  31  2:46  Warp Gate  
  31  2:51  Probe (Chrono Boost)  
  32  2:55  Probe x2 (Chrono Boost)  
  34  3:05  Probe x2  
  35  3:08  Oracle (Chrono Boost)  
  39  3:15  Pylon  
  39  3:17  Probe x2  
  41  3:20  Adept  
  43  3:29  Probe  
  43  3:30  Probe  
  45  3:38  Phoenix (Chrono Boost)  
  45  3:39  Gateway  
  47  3:41  Probe, Gateway  
  47  3:43  Probe  
  49  3:52  Pylon  
  49  3:53  Probe  
  49  3:55  Probe  
  51  3:57  Phoenix (Chrono Boost)  
  53  4:03  Assimilator  
  53  4:05  Probe  
  54  4:10  Probe  
  55  4:17  Probe, Nexus  
  55  4:22  Phoenix (Chrono Boost)  
  58  4:28  Probe, Pylon  
  59  4:35  Probe  
  59  4:38  Shield Battery  
  60  4:41  Sentry  
  60  4:43  Pylon  
  62  4:46  Probe, Phoenix (Chrono Boost)  
  62  4:49  Stalker  
  67  4:55  Probe  
  68  5:00  Pylon  
  68  5:04  Phoenix  
  70  5:09  Stalker  
  70  5:11  Probe  
  70  5:12  Pylon  
  70  5:13  Zealot x2  
  76  5:16  Assimilator  
  76  5:17  Probe  
  77  5:23  Probe  
  77  5:25  Forge  
  77  5:27  Twilight Council  
  78  5:29  Probe (Chrono Boost)  
  78  5:31  Probe (Chrono Boost)  
  81  5:36  Probe (Chrono Boost)  
  81  5:41  Probe (Chrono Boost)  
  83  5:43  Probe (Chrono Boost)  
  83  5:44  Robotics Facility  
  83  5:46  Probe (Chrono Boost)  
  83  5:48  Probe x2 (Chrono Boost)  
  86  5:51  Probe (Chrono Boost)  
  86  5:55  Probe, Pylon  
  86  6:04  Stalker x3  
  86  6:06  Probe  
  86  6:08  Protoss Ground Armor Level 1 (Chrono Boost)  
  90  6:13  Probe x2  
  90  6:14  Charge  
  90  6:18  Probe  
  90  6:25  Probe, Gateway x2  
  92  6:31  Probe  
  91  6:34  Robotics Bay  
  91  6:35  Immortal (Chrono Boost)  
  95  6:52  Gateway  
  95  6:53  Gateway  
  95  6:54  Probe x2  
  95  6:55  Gateway  
  95  7:00  Pylon  
  97  7:03  Pylon  
  97  7:06  Observer (Chrono Boost)  
  98  7:08  Sentry  
  98  7:09  Zealot x2  
  104  7:18  Shield Battery  
  104  7:21  Shield Battery  
  104  7:22  Colossus (Chrono Boost)  
  104  7:24  Sentry, Zealot  
  114  7:32  Photon Cannon  
  114  7:33  Zealot x3  
  107  7:52  Zealot x2  
  107  7:53  Zealot x6  
  97  8:09  Assimilator  
  97  8:10  Assimilator  
Tags
 
Add a new tag
Caveats
  • Supply blocks, unpowered buildings, or Contaminate may cause inaccurate times.
  • Supply counts are checked every 10 seconds.